 Dungeon Crawl Stone Soup version 0.32-a0-675-gdc239d62e1 (webtiles) character file.

Game seed: 8107802607299577782

4449 Zeldest the Carver (level 10, -1/88 HPs)
             Began as a Coglin Chaos Knight on Mar 11, 2024.
             Was a Priest of Beogh.
             Slain by Garbold the orc apostle
             ... wielding the +2 dagger of Xube {venom, Int-5 Dex+6}
              (5 damage)
             ... on level 8 of the Dungeon.
             The game lasted 00:15:31 (7812 turns).

Zeldest the Carver (Coglin Chaos Knight)            Turns: 7812, Time: 00:15:32

Health: -1/88      AC:  6    Str:  9    XL:     10   Next: 37%
Magic:  13/13      EV: 16    Int: 12    God:    Beogh [***...]
Gold:   355        SH:  0    Dex: 23    Spells: 9/9 levels left

rFire   . . .        s - +3 scimitar (flame) {Isabel}
rCold   . . .        t - +0 long sword {Hua}
rNeg    . . .        b - +2 leather armour
rPois   .            (helmet restricted)
rElec   .            (no cloak)
rCorr   .            e - +0 pair of gloves
SInv    .            (no boots)
Will    .....        (amulet unavailable)
Stlth   +++          (ring unavailable)
HPRegen 0.34/turn    (ring unavailable)
MPRegen 0.13/turn    (no gizmo)

%: no passive effects
@: lethally poisoned (-1 -> -5), slowed, very slow
A: off-hand wielding, slow wielding, warmup strikes, no jewellery, horns 1,
iridescent scales 1, thin skeletal structure 1, agile 1, deformed body, robust
1, weak 1, inability to drink after injury 1, noise suppression
a: Invent Gizmo, Renounce Religion, Smiting, Recall Apostles, Dismiss Arbolt,
warrior


You were on level 8 of the Dungeon.
You worshipped Beogh.
Beogh was most pleased with you.
You visited 1 branch of the dungeon, and saw 8 of its levels.

You collected 355 gold pieces.

Inventory:

Hand Weapons
 d - a +1 dagger of distortion
 s - a +3 scimitar of flaming (weapon) {Isabel}
 t - a +0 long sword (offhand) {Hua}
 y - a +0 falchion {Wanphen}
Missiles
 g - 4 throwing nets
 k - 2 poisoned darts
 m - 2 atropa-tipped darts (quivered)
Armour
 b - a +2 leather armour (worn)
 e - a +0 pair of gloves (worn)
Wands
 z - a wand of polymorph (5)
Scrolls
 a - a scroll of teleportation
 i - 3 scrolls of immolation
 j - 3 scrolls of revelation
 o - a scroll of amnesia
 p - a scroll of acquirement {unknown}
 u - 2 scrolls of enchant weapon
 v - 2 scrolls of blinking
Potions
 f - a potion of curing
 h - a potion of attraction
 r - a potion of haste
 w - a potion of mutation
 x - a potion of brilliance


   Skills:
 + Level 8.0 Fighting
 + Level 9.1 Long Blades
 - Level 1.7 Armour
 + Level 6.7 Dodging
 + Level 5.0 Invocations


You had 9 spell levels left.
You didn't know any spells.
Your spell library contained the following spells:

 Spells                   Type           Power      Damage    Failure   Level
 Sandblast                Erth           0%         2d4       41%         1
 Ensorcelled Hibernation  Hex/Ice        0%         N/A       56%         2
 Sublimation of Blood     Necr           0%         N/A       56%         2
 Call Canine Familiar     Summ           0%         N/A       80%         3
 Fugue of the Fallen      Necr           0%         N/A       80%         3
 Ozocubu's Armour         Ice            0%         N/A       80%         3
 Passwall                 Erth           0%         N/A       80%         3
 Sigil of Binding         Hex            0%         N/A       80%         3
 Stone Arrow              Conj/Erth      0%         3d7       80%         3
 Anguish                  Hex/Necr       0%         N/A       99%         4
 Brom's Barrelling Bould  Conj/Erth      0%         2d3       99%         4
 Dimensional Bullseye     Hex/Tloc       0%         N/A       99%         4
 Petrify                  Alch/Erth      0%         N/A       99%         4
 Irradiate                Conj/Alch      0%         3d11      100%        5
 Metabolic Englaciation   Hex/Ice        0%         N/A       100%        5
 Sculpt Simulacrum        Ice/Alch       0%         N/A       100%        6


Dungeon Overview and Level Annotations

Branches:
Dungeon (8/15) Zot: 25843  Temple (0/1) D:7
   Lair: D:8-11

Altars:
Elyvilon
Vehumet
Wu Jian
Yredelemnul
The Shining One


Innate Abilities, Weirdness & Mutations

Your facial features look somewhat orcish.
You can wield a second weapon in your off-hand.
It takes a long time for you to wield or remove held weapons.
Your first few attacks do less damage.
You cannot equip rings or amulets.
You have a pair of small horns on your head.
You are partially covered in iridescent scales. (AC +2)
You have a somewhat thin skeletal structure. (Dex +2, Stealth+)
You are agile. (Dex +4, Str/Int -1)
Armour fits poorly on your strangely shaped body.
You are robust. (+10% HP)
You are weak. (Str -2)
You occasionally lose the ability to drink potions when taking damage.
You passively dampen the noise of your surroundings.


Message History

It was a potion of cancellation.
Your magical effects are unravelling.
You feel magically purged.
You feel yourself speed up.
You float gracefully downwards.
Your enlightenment fades.
Okay, then.
As you read the scroll of butterflies, it crumbles to dust.
You hear the flapping of tiny wings.
Garbold gestures at you while chanting. The zap misses your butterfly.
The zap hits your butterfly.
Your butterfly dies!
Your butterfly disappears in a burst of colours!
The zap misses you. The zap hits your butterfly!
Your butterfly dies!
Your butterfly disappears in a burst of colours!
The zap hits your butterfly.
Your butterfly dies!
Your butterfly disappears in a burst of colours!
As you read the scroll of immolation, it crumbles to dust.
The creatures around you are filled with an inner flame!
Garbold barely misses your butterfly. Garbold gestures at you while chanting.
You feel yourself slow down.
Garbold points at you and mumbles some strange words.
Your butterfly barely resists.
You swap places.
Garbold casts a spell at you. The zap hits you!
* * * LOW HITPOINT WARNING * * *
The zap hits your butterfly.
Your butterfly disappears in a burst of colours!
Your butterfly explodes!
The fiery explosion engulfs you!
* * * LOW HITPOINT WARNING * * *
Garbold hits you but does no damage.
You are lethally poisoned!
Garbold hits you with the +2 dagger of Xube.
You die...
Beogh appreciates Garbold's killing of a heretic priest.

### ### ### #.## #§# ##.#
##.# #§## #.## #.## #@.##
##.# #..# ##o.#####..# ##..#
#..b.##..## ######...##
##.b.b....#
..........######.b.bb....#
#.................b.b....##
##..........[....÷..b.....#
#...............)........##
##...........o.............#


You could see Garbold the orc apostle (inner flame, ally target, divinely
empowered).

Vanquished Creatures
  Erica (D:8)
  An unseen horror (D:6)
  Grinder (D:4)
  Sigmund (D:4)
  Eustachio (D:4)
  A water moccasin (D:8)
  2 sky beasts
  A black bear (D:6)
  2 orc warriors
  A centaur (D:8)
  2 phantoms
  A bullfrog (D:7)
  2 scorpions (D:5)
  2 wyvern skeletons (D:5)
  6 killer bees (D:8)
  2 howler monkeys
  A bullfrog zombie (D:5)
  2 gnoll boudas
  5 hounds
  A jelly (D:6)
  4 orc priests
  6 sleepcaps
  Jessica (D:3)
  2 bullfrog skeletons (D:5)
  3 iguanas
  3 orc wizards
  Ijyb (D:3)
  A howler monkey skeleton (D:5)
  22 gnolls
  7 adders
  A shadow imp (D:4)
  A white imp (D:6)
  4 ufetubi
  An adder zombie (D:5)
  2 dart slugs
  9 orcs
  7 ball pythons
  11 endoplasms
  4 giant cockroaches
  9 goblins
  3 hobgoblins
  5 quokkas
  8 bats
  4 frilled lizards
  4 kobolds
  6 rats
165 creatures vanquished.

Vanquished Creatures (collateral kills)
  An acid dragon (D:8)
  An ogre (D:7)
  4 killer bees (D:8)
6 creatures vanquished.

Vanquished Creatures (others)
  An orc apostle (D:8)
  2 orcs (D:7)
3 creatures vanquished.

Grand Total: 174 creatures vanquished

Notes
Turn   | Place    | Note
-------+----------+-------------------------------------------
     0 | D:1      | Zeldest the Coglin Chaos Knight began the quest for the
                  | Orb.
     0 | D:1      | Reached XP level 1. HP: 18/18 MP: 1/1
    32 | D:1      | Reached skill level 1 in Dodging
    63 | D:1      | Reached XP level 2. HP: 19/24 MP: 2/2
   186 | D:1      | Reached XP level 3. HP: 24/29 MP: 3/3
   235 | D:1      | You fall into a shaft and drop 1 floor!
   426 | D:2      | Reached skill level 4 in Long Blades
   429 | D:2      | Reached XP level 4. HP: 27/35 MP: 4/4
   546 | D:2      | XOM: silly message
   618 | D:2      | XOM: silly message
   936 | D:1      | XOM: divination: detect creatures
  1082 | D:1      | XOM: cloud trail
  1256 | D:3      | Noticed Ijyb
  1263 | D:3      | Killed Ijyb
  1356 | D:3      | Reached XP level 5. HP: 18/42 MP: 5/5
  1357 | D:3      | Fell from the grace of Xom
  1358 | D:3      | Became a worshipper of Beogh the Shepherd
  1576 | D:3      | Noticed Jessica
  1594 | D:3      | Killed Jessica
  1649 | D:3      | Reached skill level 5 in Long Blades
  1649 | D:3      | Reached XP level 6. HP: 44/48 MP: 6/6
  1730 | D:3      | XOM: summons 1 hostile shadow creature
  1771 | D:3      | XOM: summons 3 hostile shadow creatures
  2458 | D:4      | Noticed a sky beast
  2464 | D:4      | Killed a sky beast
  2464 | D:4      | Reached * piety under Beogh
  2478 | D:4      | Reached XP level 7. HP: 48/55 MP: 7/7
  2480 | D:4      | Found a basalt altar of Yredelemnul.
  2635 | D:4      | Reached skill level 6 in Long Blades
  2697 | D:4      | Noticed Grinder
  2713 | D:4      | Paralysed by Grinder for 5 turns
  2720 | D:4      | Killed Grinder
  2721 | D:4      | Reached skill level 5 in Fighting
  2762 | D:4      | Noticed Sigmund
  2791 | D:4      | Killed Sigmund
  2792 | D:4      | Reached skill level 1 in Invocations
  2792 | D:4      | Reached XP level 8. HP: 55/62 MP: 8/8
  2902 | D:4      | Noticed Eustachio
  2931 | D:4      | Killed Eustachio
  3348 | D:5      | Entered Level 5 of the Dungeon
  3377 | D:5      | Reached skill level 7 in Long Blades
  3516 | D:5      | XOM: summons 5 hostile demons
  3566 | D:5      | Identified the +0 longbow "Neobelee" {elec, Will- Str+4}
  3650 | D:5      | Found a white marble altar of Elyvilon.
  3689 | D:5      | Reached ** piety under Beogh
  3974 | D:5      | XOM: give mutations
  3974 | D:5      | Gained mutation: You are agile. (Dex +4, Str/Int -1) [Xom's
                  | mischief]
  3974 | D:5      | Gained mutation: Your flesh is cold resistant. (rC+) [Xom's
                  | mischief]
  3974 | D:5      | Gained mutation: You have hidden genetic potential. [Xom's
                  | mischief]
  3974 | D:5      | Gained mutation: Armour fits poorly on your strangely
                  | shaped body. [Xom's mischief]
  4015 | D:5      | XOM: give mutations
  4015 | D:5      | Gained mutation: You do not regenerate when monsters are
                  | visible. [Xom's mischief]
  4015 | D:5      | Lost mutation: Armour fits poorly on your strangely shaped
                  | body. [Xom's mischief]
  4016 | D:5      | Lost mutation: You have hidden genetic potential. [potion
                  | of mutation]
  4016 | D:5      | Lost mutation: Your flesh is cold resistant. (rC+) [potion
                  | of mutation]
  4016 | D:5      | Lost mutation: You are agile. (Dex +4, Str/Int -1) [potion
                  | of mutation]
  4016 | D:5      | Gained mutation: You are robust. (+10% HP) [potion of
                  | mutation]
  4016 | D:5      | Gained mutation: You are clumsy. (Dex -2) [potion of
                  | mutation]
  4016 | D:5      | Gained mutation: You occasionally lose the ability to drink
                  | potions when taking damage. [potion of mutation]
  4017 | D:5      | Lost mutation: You are clumsy. (Dex -2) [potion of
                  | mutation]
  4017 | D:5      | Lost mutation: You are robust. (+10% HP) [potion of
                  | mutation]
  4017 | D:5      | Lost mutation: You do not regenerate when monsters are
                  | visible. [potion of mutation]
  4017 | D:5      | Gained mutation: You are weak. (Str -2) [potion of
                  | mutation]
  4017 | D:5      | Gained mutation: You passively dampen the noise of your
                  | surroundings. [potion of mutation]
  4017 | D:5      | Gained mutation: You are partially covered in iridescent
                  | scales. (AC +2) [potion of mutation]
  4017 | D:5      | Gained mutation: You have a somewhat thin skeletal
                  | structure. (Dex +2, Stealth+) [potion of mutation]
  4352 | D:5      | Reached skill level 5 in Dodging
  4352 | D:5      | Reached XP level 9. HP: 69/69 MP: 11/11
  4494 | D:6      | XOM: summons 4 hostile shadow creatures
  4742 | D:6      | XOM: summons 4 hostile shadow creatures
  4826 | D:6      | XOM: 1-stop teleportation journey
  5170 | D:6      | XOM: noise
  5429 | D:6      | Killed an unseen horror
  5430 | D:6      | Reached skill level 8 in Long Blades
  5454 | D:6      | XOM: give mutations
  5454 | D:6      | Gained mutation: You have a pair of small antennae on your
                  | head. [Xom's mischief]
  5454 | D:6      | Lost mutation: You have a pair of small antennae on your
                  | head. [Xom's mischief]
  5454 | D:6      | Gained mutation: You have a pair of small horns on your
                  | head. [Xom's mischief]
  5641 | D:7      | Found an ornate altar of the Wu Jian Council.
  5911 | D:7      | Found a glowing golden altar of the Shining One.
  6096 | D:7      | XOM: give mutations
  6096 | D:7      | Gained mutation: You are agile. (Dex +4, Str/Int -1) [Xom's
                  | mischief]
  6096 | D:7      | Gained mutation: You are robust. (+10% HP) [Xom's mischief]
  6096 | D:7      | Gained mutation: Armour fits poorly on your strangely
                  | shaped body. [Xom's mischief]
  6343 | D:7      | Reached *** piety under Beogh
  6395 | D:7      | Noticed Arbolt
  6408 | D:7      | Anointed Arbolt the warrior as your apostle
  6477 | D:7      | Found a staircase to the Ecumenical Temple.
  6636 | D:7      | XOM: polymorph Arbolt the orc apostle -> Arbolt the orc
                  | apostle
  6740 | D:8      | XOM: 1-stop teleportation journey
  6782 | D:8      | Your ally Arbolt died
  6783 | D:8      | Reached XP level 10. HP: 53/86 MP: 13/13
  6847 | D:8      | Noticed Erica
  6847 | D:8      | XOM: 1-stop teleportation journey
  7161 | D:8      | Killed Erica
  7162 | D:8      | Reached skill level 9 in Long Blades
  7275 | D:8      | Found a radiant altar of Vehumet.
  7551 | D:8      | Reached skill level 5 in Invocations
  7561 | D:8      | HP: 4/88 [poisoned by a killer bee]
  7728 | D:8      | Identified the +2 dagger of Xube {venom, Int-5 Dex+6}
  7728 | D:8      | Noticed Garbold
  7811 | D:8      | HP: 3/88 [spore (16)]
  7812 | D:8      | Slain by Garbold the orc apostle

Illustrated notes

Levels and vault maps discovered:
D:1:      roderic_dead_forest, layout_rooms
D:2:      layout_basic
D:3:      layout_basic, uniq_ijyb, uniq_jessica
D:4:      layout_cave_pools, mainiacjoe_overflow_concentric_impassable,
          uniq_grinder, uniq_sigmund, uniq_eustachio
D:5:      layout_loops_corners, elyvilon_altar_1, serial_undead,
          serial_undead_f, serial_undead_c, serial_undead_b, serial_undead_e,
          hex_medium
D:6:      layout_cave_pods, kennysheep_pointless_box
D:7:      layout_layer_cave, mainiacjoe_overflow_surrounded_room,
          mainiacjoe_overflow_cross_hatched, minmay_temple_entry_mist,
          serial_glass, glass_columns_a, glass_columns_b, glass_columns_a
D:8:      layout_layer_cave, kennysheep_little_box, uniq_erica

Skill      XL: |  1  2  3  4  5  6  7  8  9 10 |
---------------+-------------------------------+-----
Dodging        | 1 2 3 5 6 |  6.7
Long Blades    | 4 5 6 7 8 9 |  9.1
Fighting       | 4 5 6 7 8 |  8.0
Invocations    | 1 2 4 5 |  5.0
Armour         | |  1.7

Action                     |  1- 3 |  4- 6 |  7- 9 | 10-12 || total
---------------------------+-------+-------+-------+-------++-------
  Melee: Falchion          |    64 |   119 |   268 |    18 ||   469
         Dagger            |    55 |    48 |       |       ||   103
         Long sword        |       |    59 |   269 |    40 ||   368
         Headbutt          |       |       |    17 |     7 ||    24
         Scimitar          |       |       |       |    21 ||    21
 Invoke: Renounce Religion |       |     1 |       |       ||     1
         Convert to Beogh  |       |     1 |       |       ||     1
         Recruit Apostle   |       |       |     1 |       ||     1
         Recall Apostles   |       |       |       |     1 ||     1
  Evoke: Wand              |       |     1 |     1 |     3 ||     5
    Use: Scroll            |       |     7 |     8 |     5 ||    20
         Potion            |       |     2 |     5 |     4 ||    11
   Stab: Sleeping          |       |     1 |     8 |     2 ||    11
         Distracted        |       |       |     1 |       ||     1
 Armour: Leather armour    |    46 |   112 |   177 |    58 ||   393
         Skin              |       |       |    10 |       ||    10
  Dodge: Dodged            |    48 |    97 |   195 |    48 ||   388

Table legend: (Time is in decaauts)
 A = Elapsed time spent in this place.
 B = Non-inter-level travel time spent in this place.
 C = Inter-level travel time spent in this place.
 D = Time resting spent in this place.
 E = Time spent auto-exploring this place.
 F = Levels seen in this place.
 G = Mean time per level.
                   A        B        C        D        E       F      G
               +--------+--------+--------+--------+--------+-----+--------+
         Total |   7807 |   7671 |    136 |   1920 |   4087 |   8 |  975.9 |
       Dungeon |   7807 |   7671 |    136 |   1920 |   4087 |   8 |  975.9 |
               +--------+--------+--------+--------+--------+-----+--------+

Top non-repeatable levels by time:
     D:3: 1259 daAuts
     D:6: 1191 daAuts
     D:8: 1155 daAuts
     D:5: 1093 daAuts
     D:7: 1012 daAuts
     D:4: 892 daAuts
     D:2: 617 daAuts
     D:1: 585 daAuts
